 Dungeon Crawl Stone Soup version 0.32-a0-900-g30fb1b0edc (webtiles) character file.

Game seed: 14301873805684936473

33392 kae the Martial Artist (level 13, -5/105 HPs)
             Began as a Demonspawn Shapeshifter on Apr 5, 2024.
             Was a Priest of Ru.
             Killed from afar by a swamp worm (15 damage)
             ... with a harpoon shot
             ... on level 3 of the Lair of Beasts.
             The game lasted 00:20:22 (18800 turns).

kae the Martial Artist (Demonspawn Shapeshifter)   Turns: 18800, Time: 00:20:22

Health: -5/105     AC:  3    Str: 14    XL:     13   Next: 36%
Magic:  13/13      EV: 19    Int: 11    God:    Ru [***...]
Gold:   2317       SH:  0    Dex: 18    Spells: 12/12 levels left

rFire   . .          .
                       - Unarmed
rCold   . . .        (shield currently unavailable)
rNeg    . . .        j - melded +3 scale mail
rPois   .            (no helmet)
rElec   .            y - +0 cloak
rCorr   +            (gloves unavailable)
SInv    +            (no boots)
Will    +....        e - amulet "Esivowk" {Reflect rCorr SH+5}
Stlth   +            v - ring of see invisible
HPRegen 0.37/turn    D - ring of willpower
MPRegen 0.26/turn

%: reflection
@: confused, flux-form, ambrosia-drunk, glowing, studying Axes
A: glow, contaminating, thin metallic scales 1, (demonic guardian 1), magic
regeneration, inability to read after injury 2, hated by all, demonic touch 3
a: Begin Untransformation, Renounce Religion, Draw Out Power


You were on level 3 of the Lair of Beasts.
You worshipped Ru.
Ru was most pleased with you.
You were something dangerously unstable.
You visited 3 branches of the dungeon, and saw 15 of its levels.
You also visited: Sewer and Volcano.

You collected 2317 gold pieces.


Innate Abilities, Weirdness & Mutations

You are something dangerously unstable.
You glow with magical radiation, making you easy to see and hit.
Foes you strike become dangerously contaminated with magical radiation.
You are incapable of wielding weapons or throwing items.
You are partially covered in thin metallic scales. (AC +2)
((A weak demonic guardian rushes to your aid.))
You regenerate magic rapidly.
You sometimes lose the ability to read scrolls when taking damage.
You are hated by all.
Your touch may irresistibly damage your foes and sap their willpower.


   Skills:
 + Level 10.8 Fighting
 + Level 7.2 Dodging
 * Level 14.0 Unarmed Combat
 + Level 9.5 Shapeshifting


You had 12 spell levels left.
You didn't know any spells.
Your spell library contained the following spells:

 Spells                   Type           Power      Damage    Failure   Level
 Shock                    Conj/Air       0%         1d3       34%         1
 Cigotuvi's Dreadful Rot  Necr/Alch/Air  0%         N/A       47%         2
 Ensorcelled Hibernation  Hex/Ice        0%         N/A       47%         2
 Jinxbite                 Hex            0%         N/A       47%         2
 Fugue of the Fallen      Necr           0%         N/A       71%         3
 Ozocubu's Armour         Ice            0%         N/A       71%         3
 Passwall                 Erth           0%         N/A       71%         3
 Swiftness                Air            0%         N/A       71%         3
 Airstrike                Air            0%         2d(0-16)  98%         4
 Ignite Poison            Fire/Alch      0%         N/A       98%         4
 Passage of Golubria      Tloc           0%         N/A       98%         4
 Freezing Cloud           Conj/Ice/Air   0%         6-21      100%        5
 Silence                  Hex/Air        0%         N/A       100%        5
 Yara's Violent Unravell  Hex/Alch       0%         3d3       100%        5
 Enfeeble                 Hex            0%         N/A       100%        7
 Manifold Assault         Tloc           0%         N/A       100%        7
 Lehudib's Crystal Spear  Conj/Erth      0%         10d2      100%        8
 Summon Small Mammal      Summ           Unusable   N/A       N/A         1
 Call Canine Familiar     Summ           Unusable   N/A       N/A         3
 Summon Blazeheart Golem  Fire/Summ      Unusable   N/A       N/A         4

Inventory:

Hand Weapons
 k - a +0 dagger
   (You found it on level 1 of the Dungeon)
 u - a +2 dagger of protection
   (You took it off a kobold on level 2 of the Dungeon)
Missiles
 f - 84 stones (quivered)
 h - 12 poisoned darts
 m - 9 boomerangs
 r - 5 curare-tipped darts {=f}
 C - a throwing net {=f!f}
 H - 4 javelins
Armour
 a - a +0 animal skin
 j - a +3 scale mail (melded)
   (You found it on level 1 of the Dungeon)
 y - a +0 cloak (worn)
   (You took it off Maurice on level 8 of the Dungeon)
Magical Staves
 q - a staff of fire {!a}
   (You found it on level 8 of the Dungeon)
 B - a staff of air {!a}
   (You found it on level 10 of the Dungeon)
Jewellery
 e - the amulet "Esivowk" (around neck) {Reflect rCorr SH+5}
   (You acquired it on level 2 of the Lair of Beasts)

   [amulet of reflection]

   Reflect:   It reflects blocked missile attacks.
   rCorr:     It protects you from acid and corrosion.
   SH+5:      It affects your SH (+5).
 v - a ring of see invisible (left hand)
   (You found it on level 11 of the Dungeon)
 D - a ring of willpower (right hand)
   (You found it on level 10 of the Dungeon)
 N - a ring of positive energy
   (You found it in a sewer)
Talismans
 c - a beast talisman
 d - a flux talisman (active)
Wands
 g - a wand of acid (17)
   (You found it in a sewer)
 x - a wand of mindburst (3)
   (You found it on level 1 of the Lair of Beasts)
 A - a wand of iceblast (7)
   (You found it on level 9 of the Dungeon)
 I - a wand of digging (11)
   (You found it on level 11 of the Dungeon)
 M - a wand of polymorph (4)
   (You found it on level 2 of the Lair of Beasts)
Scrolls
 b - 3 scrolls of fog
 l - 5 scrolls of amnesia
 n - 2 scrolls of immolation {!r!r}
 p - a scroll of teleportation {@r4}
 t - a scroll of fear
 K - a scroll of enchant weapon
 L - 2 scrolls of revelation
Potions
 i - 3 potions of invisibility
 o - a potion of magic
 s - 2 potions of mutation {!q}
 w - 2 potions of attraction {!q}
 z - a potion of brilliance
 E - a potion of curing {@q1}
 F - 6 potions of ambrosia
 G - 3 potions of enlightenment
 J - 2 potions of lignification {!q}

Dungeon Overview and Level Annotations

Branches:
Dungeon (11/15) Zot: 25194  Temple (1/1) D:6 Zot: 5996    Lair (3/5) D:11 Zot: 13663
 Spider (0/4) Lair:3        Sewer (visited)         Volcano (visited)
  Swamp: Lair:2-3    Shoals: Lair:2-3       Orc: D:9-12

Altars:
Ashenzari
Cheibriados
Dithmenos
Gozag
Kikubaaqudgha
Makhleb
Nemelex Xobeh
Okawaru
Qazlal
Ru
Sif Muna
Trog
Uskayaw
Vehumet
Wu Jian
Xom

Shops:
D:3 [   D:4 *

Annotations:
D:8 exclusion: ice statue
Lair:3 1 runed translucent door, gohu's ghost, adept MDFi

.....#.♣##.................#
......♣.♣...♣..........#...#####
..♣♣♣♣♣♣♣♣.♣♣♣♣♣............#.P#
♣♣♣ ♣♣♣≈≈≈♣♣#...P#........#
♣≈.≈≈♣♣...####....#..# §
♣..~~♣.....####.#..####
♣§♣~..~♣....#.# ##.#....#
♣...~~~♣......# ###.##...
♣.....~♣p....####.###...#
♣♣$.~~w†...>....##.#..###
♣♣.♣~...#..............# ♣
♣♣.♣........####.##..
♣♣♣....##..##...#.#.
♣.#.##.#.......#.#
♣#####............
#............. ##............


You could see a swamp worm (contam).


Message History

The swamp worm fires a harpoon shot at itself.
The harpoon shot hits the swamp worm!
The tyrant leech bites you.
The tyrant leech draws strength from your injuries!
You completely miss the tyrant leech.
You touch the tyrant leech!
You sap its willpower!
The swamp worm fires a harpoon shot at you.
The harpoon shot misses you.
The tyrant leech closely misses you. 😕 HP[-2]
You take 2 damage, and now have 103/105 hp.
You closely miss the tyrant leech. Your touch misses the tyrant leech.
The swamp worm fires a harpoon shot at you.
The harpoon shot misses you.
You barely miss the tyrant leech. The tyrant leech bites you!
The tyrant leech draws strength from your injuries! 😕 HP[-11]
You take 11 damage, and now have 92/105 hp.
You hit the tyrant leech.
The tyrant leech begins to glow.
Your touch misses the tyrant leech.
The swamp worm fires a harpoon shot at you.
The harpoon shot hits you!
You are yanked forward by the harpoon shot.
Splash!
You fall into the shallow water.
Moving in this stuff is going to be slow.
The tyrant leech barely misses you.
You hit the tyrant leech.
The tyrant leech glows dangerously bright.
You block the swamp worm's attack. 😮 HP[-15]
You take 15 damage, and now have 77/105 hp.
Your unstable footing causes you to fumble your attack.
The swamp worm bites you!! The tyrant leech bites you!!
* * * LOW HITPOINT WARNING * * *
The tyrant leech draws strength from your injuries!
You are too injured to fight recklessly! 😨 HP[-43]
You take 43 damage, and now have 34/105 hp.
MASSIVE DAMAGE!! (PAUSE)
The swamp worm attacks as it pursues you!
The swamp worm bites you!
* * * LOW HITPOINT WARNING * * *
You block the tyrant leech's attack. The swamp worm misses you. 😱 HP[-15]
You take 15 damage, and now have 19/105 hp.
Unknown command.
Unknown command.
You barely miss the swamp worm. You block the swamp worm's attack.
Unknown command.
You closely miss the swamp worm.
The swamp worm bites you but does no damage. 😱 HP[+1] Unknown command.
You hit the swamp worm.
The swamp worm begins to glow.
Unknown command.
You punch the tyrant leech!
The tyrant leech glows dangerously bright.
Unknown command.
You hit the tyrant leech.
The tyrant leech shudders as magic cascades through it!!
The tyrant leech twists and deforms.
You touch the tyrant leech!
You sap its willpower!
The tyrant leech bites you!
* * * LOW HITPOINT WARNING * * *
The tyrant leech draws strength from your injuries! 😱 HP[-16]
You take 16 damage, and now have 4/105 hp.
Unknown command.
As you read the scroll of fear, it crumbles to dust.
You assume a fearsome visage.
The tyrant leech looks frightened! 😱 HP[+1] Unknown command.
You miss the tyrant leech.
Your attack snaps the tyrant leech out of its fear.
You touch the tyrant leech!
You sap its willpower!
You redirect the swamp worm's attack!
The swamp worm fires a harpoon shot at the tyrant leech.
The harpoon shot misses the tyrant leech.
The tyrant leech barely misses you.
Unknown command.
You miss the tyrant leech. The tyrant leech bites you.
* * * LOW HITPOINT WARNING * * *
The tyrant leech draws strength from your injuries! 😱 HP[-3]
You take 3 damage, and now have 2/105 hp.
Unknown command.
Unknown command.
You miss the tyrant leech.
You touch the tyrant leech!
You sap its willpower! 😱 HP[+1] Unknown command.
Okay, then.
You are confused.
You feel invigorated.
The tyrant leech closely misses you. 😱 HP[+5]
You regained 5 hp, and now have 8/105 hp.
You punch the tyrant leech!
You kill the tyrant leech!
The swamp worm fires a harpoon shot at you.
The harpoon shot hits you!
You die...
Ru respects your ultimate sacrifice.

Skill      XL: |  1  2  3  4  5  6  7  8  9 10 11 12 13 |
---------------+----------------------------------------+-----
Unarmed Combat | 3 4 5 6 8 9 11 13 14 | 14.0
Shapeshifting  | 3 4 5 6 7 8 9 |  9.5
Fighting       | 2 3 4 6 7 8 9 10 | 10.8
Dodging        | 3 6 7 |  7.2

Action                     |  1- 3 |  4- 6 |  7- 9 | 10-12 | 13-15 || total
---------------------------+-------+-------+-------+-------+-------++-------
  Melee: Unarmed           |    16 |       |    53 |   422 |   195 ||   686
         Punch             |     2 |       |     4 |     1 |       ||     7
         Dagger            |    73 |   211 |   292 |       |       ||   576
         Touch             |    16 |    35 |    63 |    97 |    44 ||   255
 Invoke: Sacrifice Words   |       |       |       |     1 |       ||     1
         Draw Out Power    |       |       |       |     1 |       ||     1
         Sacrifice Love    |       |       |       |     1 |       ||     1
  Evoke: Wand              |       |       |     2 |     7 |       ||     9
    Use: Scroll            |       |     8 |     9 |    12 |     1 ||    30
         Potion            |       |     2 |    12 |     6 |     1 ||    21
   Stab: Sleeping          |     1 |       |       |       |       ||     1
         Distracted        |       |       |     1 |     1 |       ||     2
         Invisible         |       |       |       |     1 |       ||     1
 Armour: Animal skin       |     7 |       |       |       |       ||     7
         Scale mail        |    64 |   142 |   228 |       |       ||   434
         Skin              |       |    55 |    67 |   273 |    62 ||   457
  Dodge: Dodged            |    51 |    85 |   161 |   247 |   135 ||   679
  Block: Other             |       |       |       |    21 |    31 ||    52
   Form: Flux              |       |       |     1 |       |       ||     1

Levels and vault maps discovered:
D:1:      dpeg_arrival_prison, layout_rooms,
          dreamdust_ecumenical_altar_sealed_demon
D:2:      layout_loops_ring, uniq_jessica
D:3:      layout_rooms, nicolae_uskayaw_en_pointe, serial_shops,
          nicolae_lakefront_shop, serial_rivers, chequers_serial_rivers_micro_d,
          chequers_serial_rivers_micro_e, chequers_serial_rivers_small_3,
          chequers_serial_rivers_micro_e, serial_bayou_crossing, uniq_natasha
D:4:      layout_loops_corners, nicolae_gozag_zags_fifth_avenue,
          mainiacjoe_overflow_small_starburst, serial_bayou_pond_e,
          grunt_ministairs_4, uniq_robin
D:5:      layout_loops_corners
D:6:      layout_loops_cross, minmay_temple_entry_glass,
          mainiacjoe_sewer_entry_somewhere_in_here_1, uniq_blork_the_orc,
          uniq_pikel
D:7:      layout_basic, nicolae_overflow_hidden_temple, hangedman_ru_absence,
          mainiacjoe_overflow_cross_hatched
D:8:      minmay_statue_hallways, layout_gridville, uniq_maggie, uniq_psyche,
          uniq_maurice
D:9:      layout_irregular_city, uniq_erolcha
D:10:     layout_loops_ring, mainiacjoe_overflow_chevrons
D:11:     layout_loops_corners, erik_lair_dragon
Temple:   hellmonk_temple_of_storms
Lair:1:   layout_regular_city, nicolae_volcano_entry_two_sided
Lair:2:   layout_roguey [special_room_bee], chequers_serial_rivers_small_a
Lair:3:   layout_misc_corridors, palyth_hydra_swamp_entry, spider_nest_entry_a,
          ebering_ghost_xom, grunt_megastairs_1, lemuel_fruit_fields

Notes
Turn   | Place    | Note
-------+----------+-------------------------------------------
     0 | D:1      | kae the Demonspawn Shapeshifter began the quest for the
                  | Orb.
     0 | D:1      | Reached XP level 1. HP: 15/15 MP: 1/1
     0 | D:1      | magus.rc [v1.11.3]
    72 | D:1      | Reached skill level 3 in Unarmed Combat
    72 | D:1      | Gained mutation: Your touch may inflict minor irresistible
                  | damage on your foes. [demonic ancestry]
    72 | D:1      | Reached XP level 2. HP: 10/21 MP: 2/2
   386 | D:1      | Gained mutation: You regenerate magic rapidly. [demonic
                  | ancestry]
   386 | D:1      | Reached XP level 3. HP: 17/26 MP: 3/3
   644 | D:1      | Reached skill level 3 in Shapeshifting
   654 | D:1      | Found a faded altar of an unknown god.
  1156 | D:2      | Noticed Jessica
  1157 | D:2      | Killed Jessica
  1158 | D:2      | Reached skill level 2 in Fighting
  1158 | D:2      | Reached XP level 4. HP: 32/33 MP: 4/4
  1589 | D:3      | HP: 5/33 [orc priest/divine providence (9)]
  1596 | D:2      | HP: 5/33 [orc priest/nerve-wracking pain (8)]
  1599 | D:2      | HP: 1/33 [orc/+0 club (4)]
  2009 | D:3      | Found Qanyrph's Antique Armour Emporium.
  2037 | D:3      | Noticed a +0 dagger
  2037 | D:3      | Noticed a +0 dagger
  2037 | D:3      | Noticed a +0 spear
  2037 | D:3      | Noticed a +0 falchion
  2037 | D:3      | Noticed a +0 spear
  2037 | D:3      | Noticed a +0 falchion
  2037 | D:3      | Noticed a +0 short sword
  2038 | D:3      | Noticed a +0 short sword
  2043 | D:3      | Found a hide-covered altar of Uskayaw.
  2058 | D:3      | Reached skill level 4 in Unarmed Combat
  2130 | D:3      | You pick up a book of Burglary and begin reading...
  2130 | D:3      | You add the spells Ensorcelled Hibernation, Swiftness and
                  | Passwall to your library.
  2135 | D:3      | Noticed Natasha
  2149 | D:3      | Killed Natasha
  2150 | D:3      | Gained mutation: A weak demonic guardian rushes to your
                  | aid. [demonic ancestry]
  2150 | D:3      | Reached XP level 5. HP: 38/39 MP: 5/5
  2164 | D:3      | You add the spells Cigotuvi's Dreadful Rot, Ignite Poison
                  | and Freezing Cloud to your library.
  2407 | D:4      | Found Gozag's Platinum Reserve.
  2484 | D:4      | Noticed Robin
  2544 | D:4      | Killed Robin
  2676 | D:4      | Found an opulent altar of Gozag.
  2706 | D:4      | Noticed an ogre
  2716 | D:4      | HP: 9/40 [ogre/+0 giant club (21)]
  2718 | D:4      | Killed an ogre
  2719 | D:4      | Reached skill level 3 in Fighting
  2719 | D:4      | Reached XP level 6. HP: 11/47 MP: 6/6
  2890 | D:4      | Found an iron altar of Okawaru.
  2985 | D:4      | Reached skill level 5 in Unarmed Combat
  3289 | D:4      | Reached skill level 4 in Shapeshifting
  3567 | D:4      | Gained mutation: You are partially covered in thin metallic
                  | scales. (AC +2) [demonic ancestry]
  3567 | D:4      | Reached XP level 7. HP: 53/53 MP: 7/7
  3786 | D:5      | Entered Level 5 of the Dungeon
  4242 | D:5      | Reached skill level 4 in Fighting
  4394 | D:5      | Reached skill level 6 in Unarmed Combat
  4416 | D:5      | HP: 19/81 [killer bee (5)]
  4420 | D:5      | HP: 8/54 [killer bee (5)]
  4423 | D:5      | HP: 3/54 [killer bee (4)]
  4431 | D:5      | HP: 1/54 [adder (2)]
  4724 | D:5      | Reached XP level 8. HP: 54/61 MP: 8/8
  5048 | D:6      | Reached skill level 7 in Unarmed Combat
  5105 | D:6      | Reached skill level 5 in Fighting
  5105 | D:6      | Reached skill level 5 in Shapeshifting
  5121 | D:6      | Found a staircase to the Ecumenical Temple.
  5163 | Temple   | Entered the Ecumenical Temple
  5182 | D:6      | Found a glowing drain.
  5308 | Sewer    | Entered a sewer
  5679 | D:6      | Noticed Blork the orc
  5695 | D:6      | Killed Blork the orc
  5799 | D:6      | Reached skill level 8 in Unarmed Combat
  5943 | D:6      | Noticed Pikel
  5997 | D:6      | Killed Pikel
  5998 | D:6      | Reached skill level 6 in Fighting
  5998 | D:6      | Gained mutation: Your touch may inflict irresistible damage
                  | on your foes. [demonic ancestry]
  5998 | D:6      | Reached XP level 9. HP: 31/69 MP: 9/9
  6392 | D:7      | Identified a scroll of acquirement
  6392 | D:7      | Acquired 711 gold pieces
  6541 | D:7      | Reached skill level 6 in Shapeshifting
  6671 | D:7      | Found a shimmering blue altar of Sif Muna.
  6672 | D:7      | Found a broken altar of Ashenzari.
  6815 | D:7      | Noticed a two-headed ogre
  6821 | D:7      | HP: 15/70 [two-headed ogre/+0 giant club (21)]
  6822 | D:7      | Killed a two-headed ogre
  6823 | D:7      | Reached skill level 9 in Unarmed Combat
  7100 | D:7      | Found an ornate altar of the Wu Jian Council.
  7110 | D:7      | Found a blossoming altar of Fedhas.
  7713 | D:7      | Found a sacrificial altar of Ru.
  7773 | D:7      | Became a worshipper of Ru the Awakened
  7838 | D:8      | You pick up a book of Air and begin reading...
  7838 | D:8      | You add the spells Shock and Airstrike to your library.
  7871 | D:8      | You pick up a book of Callings and begin reading...
  7871 | D:8      | You add the spells Summon Small Mammal, Call Canine
                  | Familiar and Summon Blazeheart Golem to your library.
  7933 | D:8      | Noticed an ice statue
  7965 | D:8      | Noticed Maurice
  8227 | D:8      | Maurice stole a beast talisman
  8228 | D:8      | Maurice stole 4 javelins
  8230 | D:8      | Killed Maurice
  8231 | D:8      | Reached skill level 7 in Fighting
  8431 | D:8      | HP: 15/69 [killer bee (6)]
  8433 | D:8      | HP: 6/69 [poisoned by a killer bee]
  8440 | D:8      | HP: 1/69 [killer bee (4)]
  8443 | D:7      | Reached XP level 10. HP: 2/79 MP: 10/10
  8684 | D:8      | Noticed Psyche
  8714 | D:7      | Found a snail-covered altar of Cheibriados.
  8783 | D:8      | Acquired 834 gold pieces
  8928 | D:8      | Killed Psyche
  8929 | D:8      | Reached skill level 10 in Unarmed Combat
  9047 | D:8      | You pick up a book of the Moon and begin reading...
  9047 | D:8      | You add the spells Passage of Golubria, Silence and
                  | Lehudib's Crystal Spear to your library.
  9209 | D:8      | Noticed Maggie
  9228 | D:8      | Killed Maggie
 10029 | D:9      | Reached skill level 2 in Dodging
 10185 | D:9      | Reached skill level 7 in Shapeshifting
 10260 | D:9      | Noticed Erolcha
 10278 | D:9      | Killed Erolcha
 10342 | D:9      | Gained mutation: You occasionally lose the ability to read
                  | scrolls when taking damage. [Ru sacrifice]
 10342 | D:9      | Gained mutation: You sometimes lose the ability to read
                  | scrolls when taking damage. [Ru sacrifice]
 10342 | D:9      | Reached * piety under Ru
 10597 | D:9      | Reached skill level 8 in Fighting
 11096 | D:10     | Entered Level 10 of the Dungeon
 11096 | D:10     | Noticed a two-headed ogre
 11096 | D:10     | Found an ancient bone altar of Kikubaaqudgha.
 11106 | D:10     | Killed a two-headed ogre
 11107 | D:10     | Reached skill level 3 in Dodging
 11168 | D:10     | Reached skill level 11 in Unarmed Combat
 11903 | D:11     | Reached XP level 11. HP: 58/87 MP: 11/11
 11903 | D:11     | Noticed a two-headed ogre
 11913 | D:11     | HP: 17/130 [two-headed ogre/+0 giant club (20)]
 11918 | D:11     | HP: 2/130 [two-headed ogre/+0 giant club (11)]
 11921 | D:11     | Killed a two-headed ogre
 12202 | D:11     | You pick up a book of Battle and begin reading...
 12202 | D:11     | You add the spells Fugue of the Fallen, Ozocubu's Armour
                  | and Manifold Assault to your library.
 12319 | D:11     | Noticed a sixfirhy
 12322 | D:11     | HP: 19/87 [kobold demonologist/+0 dagger (3)]
 12324 | D:11     | Reached skill level 4 in Dodging
 13385 | D:11     | Found a staircase to the Lair.
 13629 | Lair:1   | Entered Level 1 of the Lair of Beasts
 13695 | Lair:1   | Reached skill level 8 in Shapeshifting
 13712 | Lair:1   | Reached skill level 9 in Fighting
 13764 | Lair:1   | Found a dark tunnel.
 13775 | Volcano  | Entered a volcano
 14338 | Volcano  | Reached skill level 12 in Unarmed Combat
 14487 | Volcano  | Found a bloodstained altar of Trog.
 14487 | Volcano  | Noticed a salamander mystic
 14525 | Volcano  | HP: 20/89 [salamander/+1 spear of flaming (10)]
 15083 | Lair:1   | Identified a potion of experience
 15088 | Lair:1   | Reached skill level 5 in Dodging
 15088 | Lair:1   | Reached skill level 6 in Dodging
 15088 | Lair:1   | Reached skill level 13 in Unarmed Combat
 15088 | Lair:1   | Gained mutation: Your touch may irresistibly damage your
                  | foes and sap their willpower. [demonic ancestry]
 15088 | Lair:1   | Reached XP level 12. HP: 97/97 MP: 12/12
 15609 | Lair:2   | Acquired the amulet "Esivowk" {Reflect rCorr SH+5}
 15666 | Lair:2   | Reached skill level 10 in Fighting
 15751 | Lair:2   | You pick up a book of Misfortune and begin reading...
 15751 | Lair:2   | You add the spells Jinxbite, Yara's Violent Unravelling and
                  | Enfeeble to your library.
 15865 | Lair:2   | Gained mutation: You are hated by all. [Ru sacrifice]
 15865 | Lair:2   | Reached ** piety under Ru
 15865 | Lair:2   | Reached *** piety under Ru
 16196 | Lair:2   | HP: 23/97 [poisoned by a killer bee]
 16201 | Lair:2   | HP: 19/97 [poisoned by a killer bee]
 16459 | Lair:2   | HP: 24/97 [poisoned by a killer bee]
 16467 | Lair:2   | Reached skill level 9 in Shapeshifting
 16476 | Lair:2   | HP: 21/92 [poisoned by a killer bee]
 16479 | Lair:2   | HP: 8/92 [killer bee (7)]
 16485 | Lair:2   | HP: 8/92 [killer bee (6)]
 17057 | Lair:2   | HP: 23/97 [blink frog (6)]
 17066 | Lair:2   | HP: 20/97 [blink frog (5)]
 17287 | Lair:3   | Reached XP level 13. HP: 76/103 MP: 13/13
 18082 | Lair:3   | Reached skill level 7 in Dodging
 18288 | Lair:3   | Reached skill level 14 in Unarmed Combat
 18361 | Lair:3   | Found a hole to the Spider Nest.
 18571 | Lair:3   | Found a runed translucent door.
 18571 | Lair:3   | Found a shimmering altar of Xom.
 18571 | Lair:3   | Noticed gohu's ghost (adept MDFi)
 18788 | Lair:3   | HP: 19/105 [swamp worm (16)]
 18794 | Lair:3   | HP: 4/105 [tyrant leech (16)]
 18800 | Lair:3   | Killed from afar by a swamp worm

Vanquished Creatures
  Erolcha (D:9)
  A catoblepas (Lair:3)
  3 two-headed ogres
  Pikel (D:6)
  3 elephants (Lair:3)
  Maurice (D:8)
  6 cane toads
  2 black mambas (Lair:3)
  Maggie (D:8)
  3 komodo dragons
  2 kobold demonologists
  A queen bee (Lair:2)
  Psyche (D:8)
  3 trolls
  A tyrant leech (Lair:3)
  8 blink frogs
  7 wyverns
  17 yaks
  2 fire bats (Volcano)
  3 redbacks (Lair:3)
  2 basilisks (D:11)
  2 steam dragons
  7 vampire mosquitoes
  A swamp worm (Lair:3)
  4 water moccasins
  An ice beast (D:6)
  3 ogres
  A crocodile (Sewer)
  2 centaurs
  11 wolves (Lair:3)
  4 lemures (D:6)
  Blork the orc (D:6)
  A kobold brigand (D:10)
  9 bullfrogs
  A gnoll sergeant (D:9)
  3 scorpions
  3 wights (D:9)
  3 jellies
  44 killer bees
  3 howler monkeys (D:11)
  5 lava snakes (Volcano)
  4 hounds
  A bombardier beetle (D:4)
  3 orc priests
  A sleepcap (D:6)
  Jessica (D:2)
  6 orc wizards
  Natasha (D:3)
  4 iguanas
  Robin (D:4)
  7 adders
  6 gnolls
  2 ribbon worms (D:4)
  36 orcs
  6 ball pythons
  5 bats
  10 endoplasms
  5 giant cockroaches
  12 goblins
  5 hobgoblins
  6 jackals
  16 kobolds
  7 quokkas
  4 frilled lizards
  5 rats
  A butterfly (Lair:3)
333 creatures vanquished.

Vanquished Creatures (collateral kills)
  A black mamba (Lair:2)
  A steam dragon (D:7)
  A centaur (D:11)
  An adder (D:5)
  2 orcs (D:5)
6 creatures vanquished.

Vanquished Creatures (others)
  A jumping spider (Lair:3)
  2 orcs (D:9)
3 creatures vanquished.

Grand Total: 342 creatures vanquished

Table legend:
 A = Non-vault XP
 B = Vault XP
 C = Vault XP percentage of total XP
 D = Non-vault monster count
 E = Vault monster count
 F = Vault count percentage of total count
                 A         B        C        D         E       F
            +---------+---------+-------+---------+---------+-------
      Total |   24553 |    8930 |  26.7 |     257 |      79 |  23.5
            +---------+---------+-------+---------+---------+-------
        D:1 |      49 |       1 |   2.0 |      21 |       1 |   4.5
        D:2 |      32 |      37 |  53.6 |      11 |       1 |   8.3
        D:3 |      50 |      35 |  41.2 |      24 |       1 |   4.0
        D:4 |     490 |      40 |   7.5 |      25 |      13 |  34.2
        D:5 |     702 |       0 |   0.0 |      27 |       0 |   0.0
        D:6 |    1172 |     741 |  38.7 |      19 |       3 |  13.6
        D:7 |    1259 |       0 |   0.0 |      12 |       0 |   0.0
        D:8 |     507 |    1215 |  70.6 |      11 |       3 |  21.4
        D:9 |    1327 |     874 |  39.7 |      21 |       1 |   4.5
       D:10 |    1978 |       0 |   0.0 |      13 |       0 |   0.0
       D:11 |    3556 |     950 |  21.1 |      19 |       5 |  20.8
     Lair:1 |    3146 |       0 |   0.0 |      13 |       0 |   0.0
     Lair:2 |    2417 |    1954 |  44.7 |      10 |      25 |  71.4
     Lair:3 |    7868 |    2367 |  23.1 |      31 |      13 |  29.5
      Sewer |       0 |     129 | 100.0 |       0 |       6 | 100.0
    Volcano |       0 |     587 | 100.0 |       0 |       7 | 100.0
            +---------+---------+-------+---------+---------+-------

Skill      XL: |  1  2  3  4  5  6  7  8  9 10 11 12 13 |
---------------+----------------------------------------+-----
Unarmed Combat | 3 4 5 6 8 9 11 13 14 | 14.0
Shapeshifting  | 3 4 5 6 7 8 9 |  9.5
Fighting       | 2 3 4 6 7 8 9 10 | 10.8
Dodging        | 3 6 7 |  7.2

Action                     |  1- 3 |  4- 6 |  7- 9 | 10-12 | 13-15 || total
---------------------------+-------+-------+-------+-------+-------++-------
  Melee: Unarmed           |    16 |       |    53 |   422 |   195 ||   686
         Punch             |     2 |       |     4 |     1 |       ||     7
         Dagger            |    73 |   211 |   292 |       |       ||   576
         Touch             |    16 |    35 |    63 |    97 |    44 ||   255
 Invoke: Sacrifice Words   |       |       |       |     1 |       ||     1
         Draw Out Power    |       |       |       |     1 |       ||     1
         Sacrifice Love    |       |       |       |     1 |       ||     1
  Evoke: Wand              |       |       |     2 |     7 |       ||     9
    Use: Scroll            |       |     8 |     9 |    12 |     1 ||    30
         Potion            |       |     2 |    12 |     6 |     1 ||    21
   Stab: Sleeping          |     1 |       |       |       |       ||     1
         Distracted        |       |       |     1 |     1 |       ||     2
         Invisible         |       |       |       |     1 |       ||     1
 Armour: Animal skin       |     7 |       |       |       |       ||     7
         Scale mail        |    64 |   142 |   228 |       |       ||   434
         Skin              |       |    55 |    67 |   273 |    62 ||   457
  Dodge: Dodged            |    51 |    85 |   161 |   247 |   135 ||   679
  Block: Other             |       |       |       |    21 |    31 ||    52
   Form: Flux              |       |       |     1 |       |       ||     1

Illustrated notes

Table legend:
 A = Kills in this place as a percentage of kills in the entire game.
 B = Kills by you in this place as a percentage of kills by you in the entire game.
 C = Kills by friends in this place as a percentage of kills by friends in the entire game.
 D = Other kills in this place as a percentage of other kills in the entire game.
 E = Experience gained in this place as a percentage of experience gained in the entire game.
 F = Experience gained in this place divided by the number of levels of this place that you have seen.
                   A       B       C       D       E      F
               +-------+-------+-------+-------+-------+----------------------
         Total | 100.0 | 100.0 | 100.0 | 100.0 | 100.0 | 1969.6
       Dungeon |  68.8 |  68.6 |  83.3 |  50.0 |  44.8 | 1365.0
          Lair |  27.4 |  27.4 |  16.7 |  50.0 |  53.0 | 5917.3
         Sewer |   1.8 |   1.8 |   0.0 |   0.0 |   0.4 | 129.0
       Volcano |   2.1 |   2.1 |   0.0 |   0.0 |   1.8 | 587.0
               +-------+-------+-------+-------+-------+----------------------

Table legend: (Time is in decaauts)
 A = Elapsed time spent in this place.
 B = Non-inter-level travel time spent in this place.
 C = Inter-level travel time spent in this place.
 D = Time resting spent in this place.
 E = Time spent auto-exploring this place.
 F = Levels seen in this place.
 G = Mean time per level.
                   A        B        C        D        E       F      G
               +--------+--------+--------+--------+--------+-----+--------+
         Total |  18676 |  18102 |    574 |   4382 |  10840 |  17 | 1098.6 |
       Dungeon |  13214 |  12726 |    488 |   2402 |   8449 |  11 | 1201.3 |
        Temple |      3 |      3 |      0 |      0 |      0 |   1 |    3.0 |
          Lair |   4335 |   4250 |     85 |   1370 |   2302 |   3 | 1445.0 |
         Sewer |    376 |    376 |      0 |    214 |     89 |   1 |  376.0 |
       Volcano |    746 |    746 |      0 |    396 |      0 |   1 |  746.0 |
               +--------+--------+--------+--------+--------+-----+--------+

Top non-repeatable levels by time:
  Lair:2: 1827 daAuts
    D:11: 1805 daAuts
     D:7: 1753 daAuts
     D:8: 1635 daAuts
     D:4: 1407 daAuts
  Lair:3: 1294 daAuts
     D:9: 1292 daAuts
  Lair:1: 1213 daAuts
     D:5: 1150 daAuts
     D:6: 1079 daAuts
     D:2: 968 daAuts
     D:1: 759 daAuts
 Volcano: 746 daAuts
    D:10: 700 daAuts
     D:3: 661 daAuts
